 Dungeon Crawl Stone Soup version 0.31-a0-426-g3a05650e59 (webtiles) character file.

Game seed: 14822592610654231018

55 horus123 the Changeling (level 3, -1/28 HPs)
             Began as a Merfolk Shapeshifter on July 31, 2023.
             Slain by Robin
             ... wielding a +0 spear
              (5 damage)
             ... on level 3 of the Dungeon.
             The game lasted 00:03:07 (2000 turns).

horus123 the Changeling (Merfolk Shapeshifter)      Turns: 2000, Time: 00:03:07

Health: -1/28      AC:  2    Str: 17    XL:     3   Next: 93%
Magic:  3/3        EV: 12    Int:  7    God:
Gold:   128        SH:  0    Dex: 14    Spells: 2/2 levels left

rFire   . .          .
                       - Unarmed
rCold   . . .        (no shield)
rNeg    . . .        a - +0 animal skin
rPois   .            (helmet currently unavailable)
rElec   .            (cloak currently unavailable)
rCorr   .            (gloves currently unavailable)
SInv    +            (boots currently unavailable)
Will    .....        (no amulet)
Stlth   +            j - ring of see invisible
HPRegen 0.24/turn    (no ring)
MPRegen 0.08/turn

%: no passive effects
@: beast-form
A: beast (slay +3), (nimble swimmer 2), mertail
a: Begin Untransformation


You were on level 3 of the Dungeon.
You were a hulking beast.
You visited 1 branch of the dungeon, and saw 3 of its levels.

You collected 128 gold pieces.

Inventory:

Armour
 a - a +0 animal skin (worn)
 i - a +1 cloak
Jewellery
 j - a ring of see invisible (left hand)
 k - a ring of positive energy
Talismans
 c - a beast talisman (active)
Scrolls
 d - a scroll of revelation {unknown}
 e - a scroll of vulnerability {unknown}
 f - 6 scrolls of identify {unknown}
 g - a scroll of noise {unknown}
Potions
 b - 2 potions of lignification
 h - a potion of mutation {unknown}


   Skills:
 + Level 2.7 Fighting
 - Level 2.6 Dodging
 - Level 3.2 Unarmed Combat
 - Level 5.0 Shapeshifting


You had 2 spell levels left.
You didn't know any spells.
Your spell library contained the following spells:

 Spells                   Type           Power      Damage    Failure   Level
 Ensorcelled Hibernation  Hex/Ice        0%         N/A       56%         2
 Passwall                 Tmut/Erth      0%         N/A       56%         2
 Swiftness                Air            0%         N/A       80%         3


Dungeon Overview and Level Annotations

Branches:
Dungeon (3/15)

Altars:
Fedhas

Annotations:
D:3 Robin


Innate Abilities, Weirdness & Mutations

You are a hulking beast.
Your limbs bulge with bestial killing power. (Slay +3)
((You are very nimble when in or above water. (Stealth+, EV+, Speed+++)))
Your lower body shifts to a powerful aquatic tail in water.


Message History

Robin hits you but does no damage. Robin hits you but does no damage.
Robin hits you from afar with a +0 spear.
* * * LOW HITPOINT WARNING * * *
Robin hits you but does no damage.
Robin points. "Kill!"
Robin hits you from afar with a +0 spear.
* * * LOW HITPOINT WARNING * * *
Robin hits you but does no damage.
Robin hits you from afar with a +0 spear.
* * * LOW HITPOINT WARNING * * *
Robin barely misses you. Robin hits you but does no damage.
Your transformation is almost over.
Robin hits you but does no damage. Robin hits you but does no damage.
You cannot move.
Robin hits you but does no damage.
Robin hits you from afar with a +0 spear.
* * * LOW HITPOINT WARNING * * *
Robin hits you from afar with a +0 spear.
* * * LOW HITPOINT WARNING * * *
Robin hits you but does no damage. Robin barely misses you.
Robin barely misses you.
You feel less wooden.
Your +0 animal skin unmelds from your body.
You turn into a hulking beast.
Robin hits you but does no damage. Robin barely misses you.
Items here: )) ††.
You hit Robin.
Robin is lightly wounded.
Robin hits you but does no damage.
You hit Robin.
Robin is moderately wounded.
Robin misses you.
You closely miss Robin.
Robin is moderately wounded.
Robin hits you with a +0 spear.
You die...

#.#.#..# #......##
####.#...## #.....###.#
#.##.## ##. #.#.## ## ####
#.#.####### ..########
#.#..)).... #.#.gh)..#
#.#..#####.
####.#.####.###.....###.#
#)g.......#.##....##...##
#.##.#.##................
#.##.#.####.......PP.P###
#.g.....#........#.#.P_P.#
#
...#g##########..#.#PP.P.#
# ....# #..#.#...P....
..g..# #..#........##


You could see Robin.

Vanquished Creatures
  A worm (D:2)
  A dart slug (D:2)
  An orc (D:3)
  3 ball pythons
  An endoplasm (D:2)
  12 goblins
  6 hobgoblins
  3 jackals (D:3)
  A quokka (D:1)
  A bat (D:1)
  8 frilled lizards
  5 kobolds
  3 rats
46 creatures vanquished.

Notes
Turn   | Place    | Note
-------+----------+-------------------------------------------
     0 | D:1      | horus123 the Merfolk Shapeshifter began the quest for the
                  | Orb.
     0 | D:1      | Reached XP level 1. HP: 15/15 MP: 1/1
   438 | D:1      | Reached XP level 2. HP: 21/21 MP: 2/2
  1239 | D:2      | Reached skill level 5 in Shapeshifting
  1347 | D:2      | Reached XP level 3. HP: 15/26 MP: 3/3
  1811 | D:3      | Found a blossoming altar of Fedhas.
  1946 | D:3      | Noticed Robin
  2000 | D:3      | Slain by Robin

Illustrated notes

Levels and vault maps discovered:
D:1:      ncdulo_wetmaze, layout_loops_corners
D:2:      layout_basic
D:3:      layout_loops_cross, grunt_temple_overflow_forces_of_nature,
          hellmonk_ecumenical_altar_defaced_shrine, uniq_jessica, uniq_robin

Skill      XL: |  1  2  3 |
---------------+----------+-----
Shapeshifting  | 5 |  5.0
Fighting       | 2 |  2.7
Dodging        | |  2.6
Unarmed Combat | |  3.2

Action                     || total
---------------------------++-------
  Melee: Unarmed           ||   101
         Punch             ||     3
    Use: Potion            ||     1
   Stab: Sleeping          ||     1
 Armour: Animal skin       ||     6
         Skin              ||    28
  Dodge: Dodged            ||    58

Table legend: (Time is in decaauts)
 A = Elapsed time spent in this place.
 B = Non-inter-level travel time spent in this place.
 C = Inter-level travel time spent in this place.
 D = Time resting spent in this place.
 E = Time spent auto-exploring this place.
 F = Levels seen in this place.
 G = Mean time per level.
                   A        B        C        D        E       F      G
               +--------+--------+--------+--------+--------+-----+--------+
         Total |   1986 |   1944 |     42 |     30 |   1546 |   3 |  662.0 |
       Dungeon |   1986 |   1944 |     42 |     30 |   1546 |   3 |  662.0 |
               +--------+--------+--------+--------+--------+-----+--------+

Top non-repeatable levels by time:
     D:1: 918 daAuts
     D:2: 819 daAuts
     D:3: 249 daAuts
